 Dungeon Crawl Stone Soup version 0.31-a0-1626-g5cb510d322 (webtiles) character file.

Game seed: 17019059668367115654

21 mopl the Caller (level 2, -5/15 HPs)
             Began as a Tengu Summoner on Jan 12, 2024.
             Slain by a ribbon worm (7 damage)
             ... on level 2 of the Dungeon.
             The game lasted 00:01:03 (793 turns).

mopl the Caller (Tengu Summoner)                     Turns: 793, Time: 00:01:03

Health: -5/15      AC:  2    Str:  8    XL:     2   Next: 83%
Magic:  6/6        EV: 12    Int: 21    God:
Gold:   22         SH:  0    Dex: 14    Spells: 3/6 levels left

rFire   . . .        a - +4 spear
rCold   . . .        (no shield)
rNeg    . . .        e - +0 robe
rPois   .            (helmet restricted)
rElec   .            (no cloak)
rCorr   .            (no gloves)
SInv    .            (boots unavailable)
Will    .....        i - amulet of magic regeneration
Stlth   ++           c - ring of flight
HPRegen 0.22/turn    k - +6 ring of intelligence
MPRegen 0.50/turn

%: acrobat
@: flying
A: beak, talons 3, acrobatic
a: no special abilities


You were on level 2 of the Dungeon.
You visited 1 branch of the dungeon, and saw 2 of its levels.

You collected 22 gold pieces.

Inventory:

Hand Weapons
 a - a +4 spear (weapon)
Armour
 e - a +0 robe (worn)
Jewellery
 c - a ring of flight (left hand)
 i - an amulet of magic regeneration (around neck)
 k - a +6 ring of intelligence (right hand)
Scrolls
 d - a scroll of fog {unknown}
 g - a scroll of enchant weapon {unknown}
 h - a scroll of enchant armour {unknown}
 j - a scroll of brand weapon {unknown}
Potions
 b - a potion of magic
 f - a potion of degeneration {unknown}


   Skills:
 - Level 2.1 Dodging
 - Level 2.0 Stealth
 + Level 2.5 Spellcasting
 + Level 5.3 Summonings


You had 3 spell levels left.
You knew the following spells:

 Your Spells              Type           Power      Damage    Failure   Level
a - Summon Small Mammal   Summ           100%       N/A       1%          1
b - Call Imp              Summ           50%        N/A       2%          2

Your spell library contained the following spells:

 Spells                   Type           Power      Damage    Failure   Level
 Call Canine Familiar     Summ           25%        N/A       4%          3
 Summon Blazeheart Golem  Fire/Summ      13%        N/A       43%         4
 Summon Lightning Spire   Summ/Air       13%        N/A       43%         4


Dungeon Overview and Level Annotations

Branches:
Dungeon (2/15)

Altars:

Shops:
D:2 =


Innate Abilities, Weirdness & Mutations

You have a beak for a mouth.
You have claws for feet.
You can magically evade attacks while moving or waiting.


Message History

You see here a +2 mace of protection.
Found Gujooxau's Jewellery Shop.
There is an entrance to Gujooxau's Jewellery Shop here.
Found a stone staircase leading down.
A ribbon worm comes into view.
Found a scroll labelled DOZESEOGY and 3 stones.
Found a stone staircase leading down.
Found a scale mail.
You reach to attack!
You hit the ribbon worm.
The ribbon worm is moderately wounded.
You barely miss the ribbon worm.
You claw the ribbon worm, but do no damage.
The ribbon worm is lightly wounded.
You hit the ribbon worm.
You claw the ribbon worm, but do no damage.
The ribbon worm is heavily wounded.
The ribbon worm expels a string of sticky webbing.
The stream of webbing hits you but does no damage.
You are caught in a web!
You are caught in a web!
You are caught in a web!
You are caught in a web!
You are caught in a web!
The web tears apart.
The ribbon worm barely misses you.
You hit the ribbon worm. Your peck misses the ribbon worm.
The ribbon worm is heavily wounded.
The ribbon worm closely misses you.
You hit the ribbon worm.
The ribbon worm is heavily wounded.
The ribbon worm bites you!
You barely miss the ribbon worm.
You claw the ribbon worm, but do no damage.
You peck the ribbon worm.
The ribbon worm is heavily wounded.
The ribbon worm bites you.
* * * LOW HITPOINT WARNING * * *
You barely miss the ribbon worm.
The ribbon worm is heavily wounded.
The ribbon worm bites you!
You die...

#.†.<#.# #......# #.##
##.. ##...### #..[ .^..
##..## #####..#>....
#.#.#####......#...#.
#.......#.#.......(..
#.##.##...##.........
#.#.#.#.#.##..w......
###).#∩#..#.##.@.....#
##...#.#.#...........?#
.....##.##.#.#...##...#
####.......#.##..# ###
#..###.##.>#..# #.##
#.###.#.... #.# ##.
..#.### #.# . .##.# #.#
.# .#


You could see a ribbon worm.

Vanquished Creatures
  A dart slug (D:1)
  3 endoplasms (D:1)
  3 hobgoblins (D:1)
  A quokka (D:2)
  4 bats (D:1)
  2 frilled lizards
  A goblin (D:1)
  A kobold (D:1)
  3 rats (D:1)
19 creatures vanquished.

Notes
Turn   | Place    | Note
-------+----------+-------------------------------------------
     0 | D:1      | mopl the Tengu Summoner began the quest for the Orb.
     0 | D:1      | Reached XP level 1. HP: 10/10 MP: 4/4
   116 | D:1      | Reached skill level 5 in Summonings
   127 | D:1      | Reached XP level 2. HP: 15/15 MP: 6/6
   203 | D:1      | Learned a level 2 spell: Call Imp
   775 | D:2      | Found Gujooxau's Jewellery Shop.
   793 | D:2      | Slain by a ribbon worm

Illustrated notes

Levels and vault maps discovered:
D:1:      heliophobic_arrival_enchanted_forest, layout_basic
D:2:      layout_loops_ring, serial_shops, nicolae_shop_gaudy_bauble,
          nicolae_shop_behind_doors

Skill      XL: |  1 |
---------------+----+-----
Summonings     | 5 |  5.3
Dodging        | |  2.1
Stealth        | |  2.0
Spellcasting   | |  2.5

Action                     || total
---------------------------++-------
  Melee: Unarmed           ||    30
         Kick              ||    15
         Peck              ||     8
         Spear             ||    26
         Punch             ||     1
   Cast: Summon Small Mamm ||     1
   Stab: Sleeping          ||     1
 Armour: Robe              ||    24
  Dodge: Dodged            ||    42

Table legend: (Time is in decaauts)
 A = Elapsed time spent in this place.
 B = Non-inter-level travel time spent in this place.
 C = Inter-level travel time spent in this place.
 D = Time resting spent in this place.
 E = Time spent auto-exploring this place.
 F = Levels seen in this place.
 G = Mean time per level.
                   A        B        C        D        E       F      G
               +--------+--------+--------+--------+--------+-----+--------+
         Total |    793 |    780 |     13 |     19 |    611 |   2 |  396.5 |
       Dungeon |    793 |    780 |     13 |     19 |    611 |   2 |  396.5 |
               +--------+--------+--------+--------+--------+-----+--------+

Top non-repeatable levels by time:
     D:1: 748 daAuts
     D:2: 44 daAuts
